 Dungeon Crawl Stone Soup version 0.29-a0-393-g47a863cc1b (webtiles) character file.

Game seed: 3625390174975704431

49 happo123 the Ruffian (level 3, -7/36 HPs)
             Began as a Troll Berserker on May 10, 2022.
             Was a Believer of Trog.
             Mangled by a gnoll
             ... wielding a +0 halberd
              (10 damage)
             ... on level 2 of the Dungeon.
             The game lasted 00:04:04 (830 turns).

happo123 the Ruffian (Troll Berserker)               Turns: 830, Time: 00:04:05

Health: -7/36      AC:  4    Str: 27    XL:     3   Next: 53%
Magic:  2/2        EV: 10    Int:  3    God:    Trog [**....]
Gold:   46         SH:  0    Dex:  9    Spells: 2/2 levels left

rFire   . . .      SeeInvis .     - Unarmed
rCold   . . .      Faith    .   e - orb {mayhem}
rNeg    . . .      Spirit   .   a - +0 animal skin
rPois   .          Reflect  .   (helmet restricted)
rElec   .          Harm     .   (no cloak)
rCorr   .          Rampage  .   (gloves unavailable)
Will    .....                   (boots unavailable)
Stlth   +.........              (no amulet)
HPRegen 0.92/turn               (no ring)
MPRegen 0.08/turn               (no ring)

@: no status effects
A: large, unfitting armour, claws 3, regeneration 1, shaggy fur 1, tough skin 1
a: Renounce Religion, Berserk, Trog's Hand


You were on level 2 of the Dungeon.
You worshipped Trog.
Trog was pleased with you.
You visited 1 branch of the dungeon, and saw 2 of its levels.

You collected 46 gold pieces.

Inventory:

Armour
 a - a +0 animal skin (worn)
 e - an orb of mayhem (worn)
Scrolls
 b - 3 scrolls of teleportation {unknown}
 c - a scroll of poison {unknown}
 g - a scroll of enchant armour {unknown}
 h - a scroll of magic mapping {unknown}
 i - 6 scrolls of identify {unknown}
Potions
 d - 2 potions of curing {unknown}
 f - a potion of brilliance {unknown}
 j - a potion of flight {unknown}


   Skills:
 + Level 2.7 Fighting
 + Level 2.9 Dodging
 + Level 0.1 Stealth
 + Level 3.7 Unarmed Combat


You had 2 spell levels left.
You didn't know any spells.
Your spell library was empty.

Dungeon Overview and Level Annotations

Branches:
Dungeon (2/15)

Altars:


Innate Abilities, Weirdness & Mutations

You are too large for most types of armour.
You have claws for hands.
Your natural rate of healing is unusually fast.
You are covered in fur. (AC +1)
You have tough skin. (AC +1)


Message History

i - 6 scrolls labelled ZIUNAKYILI (gained 3)
You feel sick.
You feel sick.
You are no longer poisoned.
j - a fizzy amethyst potion You open the door.
A gnoll and 2 jackals come into view.
The jackal barks!
The gnoll shouts!
The jackal barks!
The jackal closely misses you. x2; The gnoll barely misses you.
The jackal barely misses you. x2
There is an open door here.
You closely miss the jackal. The jackal bites you.
The jackal barely misses you. The gnoll completely misses you.
You scratch the jackal but do no damage.
The jackal bites you.
The jackal bites you but does no damage.
The gnoll hits you from afar with a +0 halberd.
You closely miss the jackal.
The jackal bites you but does no damage. x2
The gnoll hits you from afar with a +0 halberd.
The jackal bites you but does no damage.
The jackal barely misses you.
You claw the jackal!
You kill the jackal!
Trog accepts your kill.
The jackal bites you but does no damage.
The gnoll closely misses you.
You scratch the jackal but do no damage.
The jackal bites you.
The gnoll hits you from afar with a +0 halberd.
You claw the jackal!
You kill the jackal!
Trog accepts your kill.
The gnoll flies into a frenzy!
The gnoll hits you from afar with a +0 halberd!
* * * LOW HITPOINT WARNING * * *
The gnoll hits you with a +0 halberd!
* * * LOW HITPOINT WARNING * * *
The gnoll hits you with a +0 halberd!
You die...

####.##..# #.#
#....##..# #.#
...####..# #.#
....(....####.##
...####........#
#.## #........#
#.# ######..P#+#+#
#.# #...'†g.# #.#
##.P#@..# ..#
#..#...# ###
#.^###### ####
#..# #..# #..#
###############..#
...)...........(.#
#######.##########


You could see a neutral gnoll (fast, strong, insane).

Vanquished Creatures
  An adder (D:2)
  2 worms (D:2)
  3 dart slugs
  3 bats
  An endoplasm (D:1)
  A giant cockroach (D:1)
  2 goblins (D:1)
  2 jackals (D:2)
  4 kobolds (D:1)
  A quokka (D:1)
  4 ball pythons
  A frilled lizard (D:1)
  2 rats (D:1)
27 creatures vanquished.

Vanquished Creatures (collateral kills)
  A ball python (D:1)
1 creature vanquished.

Grand Total: 28 creatures vanquished

Notes
Turn   | Place    | Note
-------+----------+-------------------------------------------
     0 | D:1      | happo123 the Troll Berserker began the quest for the Orb.
     0 | D:1      | Reached XP level 1. HP: 22/22 MP: 0/0
   245 | D:1      | Reached XP level 2. HP: 29/29 MP: 1/1
   469 | D:1      | Found a faded altar of an unknown god.
   707 | D:2      | Reached XP level 3. HP: 36/36 MP: 2/2
   799 | D:2      | Reached ** piety under Trog
   830 | D:2      | Mangled by a gnoll

Illustrated notes

Levels and vault maps discovered:
D:1:      dpeg_arrival_leaves_temple_mockup, layout_basic,
          ebering_ecumenical_altar_mist
D:2:      layout_loops_ring, serial_shops, shop, cheibrodos_gnoll_hut

Action                   || total
-------------------------++-------
Melee: Unarmed           ||    62
       Punch             ||     1
Armor: Animal skin       ||    28
Dodge: Dodged            ||    35

Table legend: (Time is in decaauts)
 A = Elapsed time spent in this place.
 B = Non-inter-level travel time spent in this place.
 C = Inter-level travel time spent in this place.
 D = Time resting spent in this place.
 E = Time spent auto-exploring this place.
 F = Levels seen in this place.
 G = Mean time per level.
                   A        B        C        D        E       F      G
               +--------+--------+--------+--------+--------+-----+--------+
         Total |    825 |    527 |    298 |      0 |    365 |   2 |  412.5 |
       Dungeon |    825 |    527 |    298 |      0 |    365 |   2 |  412.5 |
               +--------+--------+--------+--------+--------+-----+--------+

Top non-repeatable levels by time:
     D:1: 590 daAuts
     D:2: 235 daAuts
